 Dungeon Crawl Stone Soup version 0.29-a0-82-g837932c90e (webtiles) character file.

Game seed: 8638061938443155948

18 lordive the Skirmisher (level 2, 0/27 HPs)
             Began as a Hill Orc Monk on Feb 4, 2022.
             Slain by a kobold (5 damage)
             ... on level 1 of the Dungeon.
             The game lasted 00:01:02 (858 turns).

lordive the Skirmisher (Hill Orc Monk)               Turns: 858, Time: 00:01:02

Health: 0/27       AC:  2    Str: 13    XL:     2   Next: 70%
Magic:  2/2        EV: 10    Int: 10    God:
Gold:   63         SH:  7    Dex: 13    Spells: 1/1 levels left

rFire   . . .      SeeInvis .   a - +0 falchion
rCold   . . .      Faith    .   c - +0 kite shield
rNeg    . . .      Spirit   .   b - +0 robe
rPois   .          Reflect  .   (no helmet)
rElec   .          Harm     .   (no cloak)
rCorr   .          Rampage  .   (no gloves)
Will    .....                   (no boots)
Stlth   ++........              (no amulet)
HPRegen 0.09/turn               (no ring)
MPRegen 0.08/turn               (no ring)

@: lethally poisoned (0 -> -11)
A: no striking features
a: no special abilities


You were on level 1 of the Dungeon.
You visited 1 branch of the dungeon, and saw 1 of its levels.

You collected 63 gold pieces.

Inventory:

Hand Weapons
 a - a +0 falchion (weapon)
 d - a +0 dagger of holy wrath
Armour
 b - a +0 robe (worn)
 c - a +0 kite shield (worn)


   Skills:
 + Level 3.9 Fighting
 + Level 3.6 Long Blades
 + Level 2.7 Dodging
 - Level 1.6 Stealth
 * Level 0.1 Invocations


You had one spell level left.
You didn't know any spells.
Your spell library was empty.

Dungeon Overview and Level Annotations

Branches:
Dungeon (1/15)

Altars:


Message History

You closely miss the bat. You block the bat's attack.
You completely miss the bat. You block the bat's attack.
A bat, a kobold, a giant cockroach and a frilled lizard come into view.
The kobold is wielding a +3 short sword of venom.
Found a small wooden ring.
Found a stone staircase leading down.
The frilled lizard hisses angrily. x2
The bat barely misses you. You block the bat's attack.
You hit the bat but do no damage. The bat barely misses you.
You block the bat's attack.
You closely miss the bat.
The kobold shouts!
The bat hits you but does no damage. The bat closely misses you.
An endoplasm comes into view.
The giant cockroach bites you. The kobold barely misses you.
You miss the bat. You block the bat's attack. The bat hits you.
The giant cockroach closely misses you. The frilled lizard closely misses you.
The kobold hits you with a +3 short sword of venom!
You are poisoned.
You hit the giant cockroach but do no damage.
You feel very sick. The bat hits you but does no damage.
The giant cockroach barely misses you. The bat hits you but does no damage. x2
The frilled lizard bites you but does no damage.
You block the frilled lizard's attack.
The kobold hits you with a +3 short sword of venom.
You are lethally poisoned!
You block the giant cockroach's attack. The bat hits you but does no damage.
Unknown command.
You barely miss the bat.
* * * LOW HITPOINT WARNING * * *
You feel very sick. You block the bat's attack. The bat barely misses you.
The frilled lizard barely misses you. The frilled lizard bites you.
* * * LOW HITPOINT WARNING * * *
The kobold barely misses you. The giant cockroach misses you.
You block the frilled lizard's attack. The frilled lizard bites you.
* * * LOW HITPOINT WARNING * * *
The kobold hits you with a +3 short sword of venom.
You die...

...........#
............#
............# .#
............#
.P##
..>.......b.####
_P#####
...............#
PP#P'.#
#......l.B..J...
#.#.#.#
#...=bl@K...#
#P..#.#
######.######
#8###.# #.#
#.....# #.#
#'##### #.#
#...... #.#
####..† #.# ##..
#.# ##. #.# #.


You could see an endoplasm, a giant cockroach, 2 bats, a kobold and 2 frilled
lizards.

Vanquished Creatures
  A ball python (D:1)
  4 bats (D:1)
  A giant cockroach (D:1)
  2 goblins (D:1)
  2 hobgoblins (D:1)
  A quokka (D:1)
  A frilled lizard (D:1)
  A kobold (D:1)
  4 rats (D:1)
17 creatures vanquished.

Vanquished Creatures (others)
  15 plants (D:1)
15 creatures vanquished.

Grand Total: 32 creatures vanquished

Notes
Turn   | Place    | Note
-------+----------+-------------------------------------------
     0 | D:1      | lordive the Hill Orc Monk began the quest for the Orb.
     0 | D:1      | Reached XP level 1. HP: 19/19 MP: 1/1
   324 | D:1      | Found a faded altar of an unknown god.
   338 | D:1      | Reached XP level 2. HP: 26/27 MP: 2/2
   858 | D:1      | Slain by a kobold

Illustrated notes

Levels and vault maps discovered:
D:1:      roderic_crop_circles_arrival_small, layout_rooms,
          shapermc_ecumenical_altar_ellora

Action                   || total
-------------------------++-------
Melee: Falchion          ||    67
 Stab: Sleeping          ||     4
Armor: Robe              ||    26
Dodge: Dodged            ||    53
Block: Kite shield       ||    16

Table legend: (Time is in decaauts)
 A = Elapsed time spent in this place.
 B = Non-inter-level travel time spent in this place.
 C = Inter-level travel time spent in this place.
 D = Time resting spent in this place.
 E = Time spent auto-exploring this place.
 F = Levels seen in this place.
 G = Mean time per level.
                   A        B        C        D        E       F      G
               +--------+--------+--------+--------+--------+-----+--------+
         Total |    870 |    870 |      0 |      0 |    711 |   1 |  870.0 |
       Dungeon |    870 |    870 |      0 |      0 |    711 |   1 |  870.0 |
               +--------+--------+--------+--------+--------+-----+--------+

Top non-repeatable levels by time:
     D:1: 870 daAuts
